 Dungeon Crawl Stone Soup version 0.29.1-1-gd02db6906a (webtiles) character file.

Game seed: 3030585225819550684

2104 EvilAshe the Magician (level 9, -21/57 HPs)
             Began as a Mummy Ice Elementalist on Sept 22, 2022.
             Was a Believer of Dithmenos.
             Demolished by a two-headed ogre
             ... wielding a +0 giant club
              (31 damage)
             ... on level 9 of the Dungeon.
             The game lasted 00:23:36 (7245 turns).

EvilAshe the Magician (Mummy Ice Elementalist)      Turns: 7245, Time: 00:23:36

Health: -21/57     AC:  9    Str: 11    XL:     9   Next: 7%
Magic:  14/20      EV: 13    Int: 19    God:    Dithmenos [**....]
Gold:   392        SH:  0    Dex: 12    Spells: 10/22 levels left

rFire   x . .      SeeInvis .   c - +3 morningstar
rCold   + . .      Faith    .   (no shield)
rNeg    + + +      Spirit   .   r - +0 leather armour
rPois   ∞          Reflect  .   l - +2 helmet
rElec   .          Harm     .   (no cloak)
rCorr   .          Rampage  .   h - +2 pair of gloves
Will    +....                   (no boots)
Stlth   ++........              q - amulet of regeneration
HPRegen 0.99/turn               (no ring)
MPRegen 0.17/turn               (no ring)

@: wreathed by umbra
A: cold resistance 1, negative energy resistance 3, torment resistance 2, heat
vulnerability 1, in touch with death 1, no potions
a: Renounce Religion, Shadow Step


You were on level 9 of the Dungeon.
You worshipped Dithmenos.
Dithmenos was pleased with you.
You visited 1 branch of the dungeon, and saw 10 of its levels.
You also visited: Ossuary.

You collected 392 gold pieces.

Inventory:

Hand Weapons
 c - a +3 morningstar (weapon)
Missiles
 a - a boomerang (quivered)
 d - 45 stones
 f - 3 curare-tipped darts
 i - 9 poisoned darts
Armour
 h - a +2 pair of gloves (worn)
 l - a +2 helmet (worn)
 r - a +0 leather armour (worn)
Jewellery
 q - an amulet of regeneration (around neck)
Scrolls
 e - a scroll of vulnerability
 g - 2 scrolls of blinking
 j - 2 scrolls of brand weapon {unknown}
 k - 4 scrolls of amnesia
 m - 2 scrolls of fear
 n - a scroll of fog {unknown}


   Skills:
 + Level 5.0 Dodging
 - Level 1.5 Stealth
 + Level 7.4 Spellcasting
 + Level 3.9 Conjurations
 + Level 3.1 Summonings
 + Level 5.8 Ice Magic


You had 10 spell levels left.
You knew the following spells:

 Your Spells              Type           Power      Damage    Failure   Level
a - Freeze                Ice            100%       1d11      1%          1
b - Frozen Ramparts       Ice            58%        1d9       3%          3
c - Hailstorm             Conj/Ice       25%        3d7       17%         4
d - Summon Ice Beast      Ice/Summ       24%        N/A       21%         4

Your spell library contained the following spells:

 Spells                   Type           Power      Damage    Failure   Level
 Ozocubu's Armour         Ice            29%        N/A       3%          3
 Ice Form                 Ice/Tmut       Unusable   N/A       N/A         4

Dungeon Overview and Level Annotations

Branches:
Dungeon (10/15)            Temple (0/1) D:7         Ossuary (visited)
   Lair: D:8-11         Orc: D:9-12

Altars:
Dithmenos
Gozag
Makhleb
Nemelex Xobeh
Trog
Uskayaw
Yredelemnul

Shops:
D:1 *   D:3 !

Annotations:
D:3 2 runed translucent doors
D:8 exclusion: two-headed ogre, Amaemon


Innate Abilities, Weirdness & Mutations

You are immune to poison.
Your flesh is cold resistant. (rC+)
You are immune to negative energy. (rN+++)
You are immune to unholy pain and torment.
You are vulnerable to heat. (rF-)
You are in touch with the powers of death.
You do not drink.


Message History

Aim: a two-headed ogre, wielding two +0 giant clubs (moderately wounded, umbra)
You freeze the two-headed ogre.
The two-headed ogre is moderately wounded.
The two-headed ogre barely misses you.
The two-headed ogre hits you with a +0 giant club!
Casting: Freeze (safe; 1% risk of failure)
Confirm with . or Enter, or press ? or * to list all spells.
Aiming: Freeze (safe; 1% risk of failure)
Press: ? - help, Shift-Dir - straight line, f/p - two-headed ogre
Aim: a two-headed ogre, wielding two +0 giant clubs (moderately wounded, umbra)
You freeze the two-headed ogre!
The two-headed ogre is moderately wounded.
The two-headed ogre hits you with a +0 giant club.
The two-headed ogre hits you with a +0 giant club!
* * * LOW HITPOINT WARNING * * *
Casting: Freeze (safe; 1% risk of failure)
Confirm with . or Enter, or press ? or * to list all spells.
Aiming: Freeze (safe; 1% risk of failure)
Press: ? - help, Shift-Dir - straight line, f/p - two-headed ogre
Aim: a two-headed ogre, wielding two +0 giant clubs (moderately wounded, umbra)
You freeze the two-headed ogre!
The two-headed ogre is heavily wounded.
Casting: Freeze (safe; 1% risk of failure)
Confirm with . or Enter, or press ? or * to list all spells.
Aiming: Freeze (safe; 1% risk of failure)
Press: ? - help, Shift-Dir - straight line, f/p - two-headed ogre
Aim: a two-headed ogre, wielding two +0 giant clubs (heavily wounded, umbra)
You freeze the two-headed ogre.
The two-headed ogre is severely wounded.
The two-headed ogre closely misses you. The two-headed ogre barely misses you.
Casting: Freeze (safe; 1% risk of failure)
Confirm with . or Enter, or press ? or * to list all spells.
Aiming: Freeze (safe; 1% risk of failure)
Press: ? - help, Shift-Dir - straight line, f/p - two-headed ogre
Aim: a two-headed ogre, wielding two +0 giant clubs (severely wounded, umbra)
You freeze the two-headed ogre!
The two-headed ogre is almost dead.
The two-headed ogre hits you with a +0 giant club!!
Ouch! That really hurt!
You die...

#..<)..... #.#
#.######## #.#
#.# #.# #.#
#.# #.# #.#
##.## #.#
#...# #O#
###...###
#@####.......#
#.....[|.....#
######.......#
###...###
#...# #.###
#.# #.# )#


You could see a two-headed ogre.

Vanquished Creatures
  A wyvern (D:7)
  A sky beast (D:6)
  A black bear (D:5)
  An ogre (D:7)
  A kobold brigand (D:6)
  A necrophage (D:7)
  4 scorpions
  A wyvern zombie (D:7)
  3 wights (D:7)
  4 killer bees (D:7)
  2 centaur zombies
  A bullfrog zombie (D:7)
  2 orc priests
  4 hounds
  2 jellies
  5 human zombies (Ossuary)
  Jessica (D:3)
  3 iguanas
  4 orc wizards (D:7)
  A mummy (Ossuary)
  A howler monkey zombie (D:7)
  Robin (D:3)
  3 gnolls (D:4)
  4 adders
  A worm (D:2)
  2 dart slugs
  35 orcs
  8 ball pythons
  7 bats
  11 endoplasms
  16 goblins
  7 hobgoblins
  19 kobolds
  A quokka (D:3)
  2 frilled lizards (D:2)
  2 rats (D:1)
163 creatures vanquished.

Vanquished Creatures (others)
  12 plants (D:5)
  6 withered plants (D:7)
18 creatures vanquished.

Grand Total: 181 creatures vanquished

Notes
Turn   | Place    | Note
-------+----------+-------------------------------------------
     0 | D:1      | EvilAshe the Mummy Ice Elementalist began the quest for the
                  | Orb.
     0 | D:1      | Reached XP level 1. HP: 13/13 MP: 4/4
   190 | D:1      | Reached skill level 3 in Spellcasting
   260 | D:1      | Reached XP level 2. HP: 19/19 MP: 4/6
   587 | D:1      | Found a faded altar of an unknown god.
   932 | D:1      | Found Difoxek's General Store.
  1140 | D:2      | Found a bloodstained altar of Trog.
  1152 | D:2      | Gained mutation: You are in touch with the powers of death.
                  | [Mummy growth]
  1152 | D:2      | Reached XP level 3. HP: 24/24 MP: 5/7
  1156 | D:2      | Learned a level 3 spell: Frozen Ramparts
  1205 | D:3      | Noticed Robin
  2192 | D:3      | Reached XP level 4. HP: 30/30 MP: 5/9
  2231 | D:3      | Killed Robin
  2351 | D:3      | Reached skill level 4 in Spellcasting
  2422 | D:3      | Found a large runed translucent door.
  2423 | D:3      | Found a large runed translucent door.
  2513 | D:4      | Found a sparkling altar of Nemelex Xobeh.
  2561 | D:3      | Found Muthomeo's Distillery.
  2722 | D:3      | Noticed Jessica
  2733 | D:3      | Killed Jessica
  2734 | D:3      | Reached XP level 5. HP: 35/35 MP: 7/11
  2911 | D:3      | Learned a level 4 spell: Hailstorm
  3032 | D:5      | Entered Level 5 of the Dungeon
  3391 | D:4      | Reached skill level 1 in Conjurations
  3401 | D:4      | Reached XP level 6. HP: 36/41 MP: 2/13
  3950 | D:4      | Found a burning altar of Makhleb.
  3950 | D:4      | Found a bloodstained altar of Trog.
  3950 | D:4      | Found a basalt altar of Yredelemnul.
  3950 | D:4      | Found an opulent altar of Gozag.
  3956 | D:4      | Found a shadowy altar of Dithmenos.
  3972 | D:4      | Became a worshipper of Dithmenos the Shadowed
  4000 | D:4      | Found a hide-covered altar of Uskayaw.
  4189 | D:6      | Noticed an ice beast
  4217 | D:5      | Reached skill level 5 in Spellcasting
  4553 | D:5      | Reached XP level 7. HP: 39/46 MP: 5/15
  5240 | D:5      | Learned a level 4 spell: Summon Ice Beast
  5350 | D:6      | Reached skill level 6 in Spellcasting
  5350 | D:6      | Reached skill level 1 in Summonings
  5350 | D:6      | Reached skill level 5 in Ice Magic
  5612 | D:6      | Reached * piety under Dithmenos
  5793 | D:7      | Noticed a wyvern
  5800 | D:7      | Killed a wyvern
  5801 | D:7      | Reached XP level 8. HP: 49/52 MP: 5/17
  5839 | D:7      | Found a sand-covered staircase.
  5849 | Ossuary  | Entered an ossuary
  6166 | D:8      | Noticed an orange demon
  6460 | D:8      | Noticed a two-headed ogre
  6625 | D:7      | Reached ** piety under Dithmenos
  6839 | D:7      | Reached skill level 7 in Spellcasting
  7025 | D:7      | Reached skill level 5 in Dodging
  7095 | D:7      | Reached XP level 9. HP: 52/57 MP: 19/19
  7174 | D:7      | You fall into a shaft and drop 3 floors!
  7174 | D:10     | Entered Level 10 of the Dungeon
  7217 | D:8      | Noticed Amaemon
  7237 | D:9      | Noticed a two-headed ogre
  7245 | D:9      | Demolished by a two-headed ogre

Illustrated notes

Levels and vault maps discovered:
D:1:      doesnt_arrival_eight_statues, layout_loops_cross,
          dilly_ecumenical_altar_fadedgnrine, serial_shops, nicolae_shop_stone,
          st_stairs_8, minmay_tromino_v4_c
D:2:      layout_basic, basic_altar
D:3:      layout_basic, jmf_multi_god_temple2, serial_shops, shop, uniq_robin,
          uniq_jessica
D:4:      minmay_evil_eye, layout_loops_cross, mainiacjoe_overflow_boulevard,
          minmay_overflow_temple_hex, mainiacjoe_overflow_brackets,
          kennysheep_generic_room_6
D:5:      wad_lake_hut, layout_loops_ring
D:6:      layout_rooms
D:7:      layout_basic, minmay_temple_entry_statues_fountains, serial_undead,
          serial_undead_e, serial_undead_f, serial_undead_e, serial_undead_e,
          enter_ossuary_1
D:8:      minmay_chambers_of_sixes, layout_rooms, lemuel_crystal_altar,
          mainiacjoe_overflow_tiny_flanked, patterned_corridor, uniq_amaemon,
          uniq_erica
D:9:      layout_loops_ring, mainiacjoe_overflow_six_doors_small, slow_altar_2,
          serial_rivers, chequers_serial_rivers_micro_b,
          chequers_serial_rivers_large_a, chequers_serial_rivers_large_b,
          chequers_serial_rivers_small_a
D:10:     layout_rooms, dpeg_lair_monsters, serial_shops, shop,
          chequers_serial_rivers_small_3, dreamdust_princess_bridge,
          st_stairs_13, uniq_josephine, uniq_urug

Skill      XL: |  1  2  3  4  5  6  7  8 |
---------------+-------------------------+-----
Spellcasting   | 3 4 5 6 7 |  7.4
Dodging        | 2 3 4 5 |  5.0
Ice Magic      | 4 5 |  5.8
Conjurations   | 1 2 3 |  3.9
Summonings     | 1 3 |  3.1
Stealth        | |  1.5

Action                   |  1- 3 |  4- 6 |  7- 9 || total
-------------------------+-------+-------+-------++-------
Melee: Trident           |    33 |    24 |   191 ||   248
       Unarmed           |     1 |       |       ||     1
       Morningstar       |       |       |    24 ||    24
       Punch             |       |       |     1 ||     1
Throw: Stone             |    14 |    20 |       ||    34
       Dart              |       |     9 |       ||     9
       Boomerang         |       |       |    29 ||    29
 Cast: Freeze            |    60 |    84 |   118 ||   262
       Frozen Ramparts   |       |     1 |     4 ||     5
  Use: Scroll            |       |     2 |    10 ||    12
 Stab: Sleeping          |     8 |     3 |       ||    11
Armor: Robe              |    10 |    19 |     7 ||    36
       Leather armour    |       |       |   116 ||   116
Dodge: Dodged            |    47 |    63 |   213 ||   323
